 Dungeon Crawl Stone Soup version 0.25-a0-163-g00f8f0cddd (webtiles) character file.

Game seed: 10542968013716189931, levelgen mode: deterministic

63 Esberlond the Bolt Thrower (level 3, 4/72 HPs)
             Began as a Deep Dwarf Hunter on Nov 22, 2019.
             Quit the game on level 2 of the Dungeon.
             The game lasted 00:08:49 (1090 turns).

Esberlond the Bolt Thrower (Deep Dwarf Hunter)      Turns: 1090, Time: 00:08:50

Health: 4/72       AC: 21    Str: 20    XL:     3   Next: 87%
Magic:  3/3        EV:  2    Int: 11    God:
Gold:   47         SH:  0    Dex: 14    Spells: 2/2 levels left

rFire    . . .     SeeInvis .   a - +1 hand crossbow
rCold    . . .     Gourm    .   (no shield)
rNeg     + + +     Faith    .   (armour currently unavailable)
rPois    +         Spirit   .   (helmet currently unavailable)
rElec    .         Reflect  .   (cloak currently unavailable)
rCorr    .         Harm     .   (gloves currently unavailable)
MR       .....     NoTele   +   (boots currently unavailable)
Stlth    ..........             (no amulet)
HPRegen  0.00/turn              (no ring)
MPRegen  0.08/turn              (no ring)

@: berserking, tree-form, non-regenerating, very quick
A: damage resistance, heal wounds, sense surroundings 1, no regeneration
a: Heal Wounds


You were on level 2 of the Dungeon.
You were very full.
You were a tree.
You visited 1 branch of the dungeon, and saw 2 of its levels.

You collected 47 gold pieces.

Inventory:

Hand Weapons
 a - a +1 hand crossbow (weapon)
 b - a +0 short sword
 e - a cursed -2 club
 h - a +0 dagger
 i - a +0 dagger
 n - a +0 short sword
Missiles
 g - 19 arrows
 k - 6 atropa-tipped darts
 m - 4 javelins
 q - 13 bolts (quivered)
Armour
 c - a +0 leather armour
 j - a +0 leather armour
 l - a cursed +0 ring mail (melded)
 p - a +0 robe
Comestibles
 f - 2 rations


   Skills:
 + Level 2.2 Fighting
 + Level 5.6 Crossbows
 + Level 0.1 Throwing
 + Level 0.5 Armour
 + Level 2.3 Dodging
 + Level 1.4 Stealth


You had 2 spell levels left.
You didn't know any spells.
Your spell library was empty.

Dungeon Overview and Level Annotations

Branches:
Dungeon (2/15)

Altars:


Innate Abilities, Weirdness & Mutations

You are resistant to damage.
You can heal yourself by infusing magical energy.
You passively map a small area around you.
You do not regenerate.


Message History

Do you really want to go berserk while wielding your +1 hand crossbow? [Y]es or [N]o only, please.
Do you really want to go berserk while wielding your +1 hand crossbow? [Y]es or [N]o only, please.
Do you really want to go berserk while wielding your +1 hand crossbow?
A red film seems to cover your vision as you go berserk!
You feel yourself moving faster!
You feel mighty!
Okay, then.
You cannot move.
You cannot move.
You cannot move.
You cannot move.
You cannot move.
You cannot move.
You cannot move.
You cannot move.
You cannot move.
Unknown command.
Unknown command.
Are you sure you want to abandon this character and quit the game? (Confirm with "yes".)

, #.#.########....... *
##.#.# * #...#..# ,
#..)†#...####.......
#.####..).#...'....)†####
#.........#...####.......
######....#..........####
#....##'#.........#
#.........#.......##
#..♣#######.(.....'.
#...# #.......##
################'######
#.....................#
#.##############.####.#
#.# #......... #.#
#.#.####.. #.# #.#.#.....
####### #.# #.#.#.....


There were no monsters in sight!

Vanquished Creatures
  Terence (D:2)
  An adder (D:2)
  A worm (D:2)
  3 bats
  A giant cockroach (D:1)
  4 hobgoblins (D:1)
  8 kobolds
  A quokka (D:2)
  A ball python (D:2)
  3 frilled lizards
  A goblin (D:2)
  5 rats
30 creatures vanquished.

Notes
Turn   | Place    | Note
-------+----------+-------------------------------------------
     0 | D:1      | Esberlond the Deep Dwarf Hunter began the quest for the
                  | Orb.
     0 | D:1      | Reached XP level 1. HP: 19/19 MP: 1/1
   188 | D:1      | Reached XP level 2. HP: 21/26 MP: 2/2
   261 | D:1      | Reached skill level 5 in Crossbows
   933 | D:2      | Reached XP level 3. HP: 22/32 MP: 3/3
  1001 | D:2      | Noticed Terence
  1028 | D:2      | Killed Terence
  1090 | D:2      | Quit the game

Levels and vault maps discovered:
D:1:      dpeg_arrival_round_c, layout_basic
D:2:      layout_basic, first_ration, uniq_terence

Skill      XL: |  1  2 |
---------------+-------+-----
Crossbows      | 5 |  5.6
Fighting       | 2 |  2.2
Throwing       | |  0.1
Armour         | |  0.5
Dodging        | |  2.3
Stealth        | |  1.4

Action                   || total
-------------------------++-------
 Fire: Hand crossbow     ||    80
Throw: Dart              ||     7
       Javelin           ||     2
  Use: Scroll            ||     4
       Potion            ||     2
  Eat: Ration            ||     2
Armor: Leather armour    ||    25
Dodge: Dodged            ||    47

Table legend:
 A = Non-vault XP
 B = Vault XP
 C = Vault XP percentage of total XP
 D = Non-vault monster count
 E = Vault monster count
 F = Vault count percentage of total count
                 A         B        C        D         E       F
            +---------+---------+-------+---------+---------+-------
      Total |      58 |      32 |  35.6 |      29 |       1 |   3.3
            +---------+---------+-------+---------+---------+-------
        D:1 |      27 |       0 |   0.0 |      18 |       0 |   0.0
        D:2 |      31 |      32 |  50.8 |      11 |       1 |   8.3
            +---------+---------+-------+---------+---------+-------
